Cogmind - Beta 15 @@@ ROGUE MODE // 2025.08.24 @ 15:17:25 Player: SpeltIncorrectyl Result: Destroyed by G-50 Soldier with Heavy Laser Performance ------------- Evolutions (3) 1500 Regions Visited (12) 2400 Robots Destroyed (133) 665 Value Destroyed (4082) 4082 Prototype IDs (35) 700 Alien Tech Used (0) 0 Bonus (631) 631 TOTAL SCORE: 9978 Bonus ------- High Alert Combat Kills 31 Aligned with FarCom 300 Met Data Miner 300 Cogmind --------- Core Integrity 0/700 Matter 285/300 Energy 7/100 System Corruption 19% Temperature Hot (244) Movement Core (50) Location -6/Proximity Caves Parts ------- > --- POWER (1) -------- (None) > --- PROPULSION (4) --- (None) > --- UTILITY (5) ------ Improved Signal Interpreter Improved Melee Analysis Suite Target Analyzer > --- WEAPON (3) ------- (None) > --- INVENTORY (5) ---- Gravmag System VTOL Module Weapon Cycler Gauss Rifle Mini Grenade Launcher Peak State ------------ > --- POWER ------------ Micro Nuclear Core > --- PROPULSION ------- Improved Hover Unit Airjet Gravmag System Gravmag System > --- UTILITY ---------- Advanced Heat Sink Small Storage Unit Improved Signal Interpreter Improved Melee Analysis Suite System Shield > --- WEAPON ----------- Firepult Enhanced Autogun > --- INVENTORY -------- Improved Hover Unit Improved Hover Unit Improved Heat Sink Target Analyzer Actuator Array Gauss Rifle Ripper [Rating: 59] Favorites ----------- Power Cooled Ion Engine Engine Cooled Ion Engine Power Core Light Nuclear Core Propulsion Armored Treads Treads Armored Treads Leg Improved Titanium Leg Wheel Compact Wheel Hover Unit Gravmag System Flight Unit VTOL Module Utility High-capacity Storage Unit Device Improved Heat Sink Storage High-capacity Storage Unit Processor Improved Signal Interpreter Hackware System Shield Protection Improved Medium Armor Plating Weapon Autogun Energy Gun Heavy Laser Energy Cannon Advanced Beam Cannon Ballistic Gun Autogun Ballistic Cannon Assault Cannon Launcher Mini Grenade Launcher Special Weapon Mining Laser Impact Weapon Heavy Flail Slashing Weapon Ripper Build | -11 -10 -10 -9 -9 -9 -8 -8 -7 -7 -7 -7 -6 ------- Run | Yrd Mat Min Mat Min Exi Min Mat Fac Low Low Dat Pro Slots Evolved 6 | . . . 2 . . . 2 2 . . . . Power . | . . . . . . . . . . . . . Propulsion 2 | . . . 1 . . . 1 . . . . . Utility 3 | . . . . . . . 1 2 . . . . Weapon 1 | . . . 1 . . . . . . . . . Parts Attached 101 | 7 3 . 21 3 4 2 13 37 . 9 . 2 Power 12 | 1 . . 2 . . 1 2 4 . 2 . . Engine 8 | 1 . . 2 . . . 1 3 . 1 . . Core 4 | . . . . . . 1 1 1 . 1 . . Reactor . | . . . . . . . . . . . . . Propulsion 35 | 3 . . 9 . . . 3 19 . 1 . . Treads 15 | 2 . . 9 . . . 3 . . 1 . . Leg 1 | . . . . . . . . 1 . . . . Wheel 1 | 1 . . . . . . . . . . . . Hover 15 | . . . . . . . . 15 . . . . Flight 3 | . . . . . . . . 3 . . . . Utility 25 | 1 1 . 4 1 1 1 3 9 . 3 . 1 Device 11 | . . . 2 1 1 1 1 5 . . . . Storage 6 | 1 1 . 1 . . . . 2 . . . 1 Processor 5 | . . . 1 . . . 2 1 . 1 . . Hackware 1 | . . . . . . . . 1 . . . . Protection 2 | . . . . . . . . . . 2 . . Artifact . | . . . . . . . . . . . . . Weapon 29 | 2 2 . 6 2 3 . 5 5 . 3 . 1 Energy Gun 1 | . . . . . . . . . . 1 . . Energy Cannon 6 | . 2 . 1 . 1 . . . . 1 . 1 Ballistic Gun 15 | 2 . . 5 1 2 . 2 3 . . . . Ballistic Cannon 1 | . . . . . . . 1 . . . . . Launcher 2 | . . . . . . . 1 . . 1 . . Special Weapon 2 | . . . . 1 . . 1 . . . . . Impact Weapon 1 | . . . . . . . . 1 . . . . Slashing Weapon 1 | . . . . . . . . 1 . . . . Piercing Weapon . | . . . . . . . . . . . . . Special Melee Weapon . | . . . . . . . . . . . . . Unidentified Prototypes 5 | . 1 . 1 . 2 . 1 . . . . . Parts Lost 28 | . . . 1 . . 1 4 19 2 . . 1 Power 6 | . . . . . . 1 2 3 . . . . Propulsion 16 | . . . 1 . . . . 13 2 . . . Utility 2 | . . . . . . . . 1 . . . 1 Weapon 4 | . . . . . . . 2 2 . . . . Highest Loss Streak 4 | . . . 1 . . 1 3 4 2 . . 1 To Critical Strikes 1 | . . . 1 . . . . . . . . . Average Backups 12 | . 5 9 17 19 17 15 17 4 4 4 5 6 Power . | . 1 1 1 1 1 . 1 . . 1 1 1 Propulsion 3 | . 1 2 5 5 4 5 5 . . 1 2 2 Utility 2 | . . 1 1 5 4 3 4 2 2 1 2 2 Weapon 4 | . 2 4 8 7 5 5 5 1 1 . . 1 Tool/Special . | . . . . . . . . . . . . . Unused Backups 36 | . 1 . 8 4 4 3 3 8 1 . . 4 Power 2 | . . . . . . 1 1 . . . . . Propulsion 9 | . . . 4 . . . 2 2 . . . 1 Utility 16 | . . . 1 1 4 2 . 5 1 . . 2 Weapon 9 | . 1 . 3 3 . . . 1 . . . 1 Tool/Special . | . . . . . . . . . . . . . Average Slot Usage (%) 86 | . 84 85 97 100 91 88 94 76 25 63 76 72 Engine 7 | . 14 14 10 11 11 5 . 5 . . . . Core 1 | . . . . . . 5 8 1 . 5 7 6 Treads 20 | . 28 28 32 33 33 33 34 . . 5 7 6 Hover 5 | . . . . . . . . 20 . . . . Device 6 | . . . 2 8 4 . 7 11 . . . . Storage 7 | . 14 14 11 11 11 11 9 3 . . . 5 Processor 9 | . . . 6 2 . . 7 14 15 19 23 23 Hackware 1 | . . . . . . . . 5 7 3 . . Energy Cannon 3 | . 2 28 11 . . . . . . 5 7 8 Ballistic Gun 17 | . 24 . 21 30 31 33 23 6 . . . . Peak Build Rating 59 | 6 11 11 24 25 41 29 48 59 27 37 36 37 Average Rating 27 | 4 6 11 18 24 24 23 33 36 11 30 36 34 On Entrance 20 | . 6 11 11 24 25 24 24 36 27 11 36 36 Naked Turns . | . . . . . . . . . . . . . Heaviest Build 73 | 13 23 23 59 58 58 57 73 45 14 30 28 43 Greatest Support 80 | 40 40 40 69 60 60 60 80 35 14 28 28 28 Greatest Overweight (x) 6 | . . . 2 . . . . 6 . 1 . 3 Average Overweight (x) . | . . . . . . . . . . . . . Largest Inventory Capacity 20 | 8 10 10 20 20 20 20 20 20 5 5 5 10 Average Capacity 14 | 6 9 10 19 20 20 20 20 6 5 5 5 9 Most Carried 20 | 3 10 9 20 20 20 17 20 18 5 5 5 9 Average Carried 12 | . 5 9 17 19 17 16 18 4 4 4 5 6 Final Capacity 20 | 8 10 10 20 20 20 20 20 5 5 5 5 5 Final Carried 20 | 1 9 9 20 19 17 17 18 3 5 5 5 5 Class Distribution -------------------- 45% | Skirmisher 20% | Mutant 11% | Gunner 9% | Scavenger-Mutant 4% | Derelict-Tank 3% | Scavenger-Skirmisher Dominant Class ---------------- Mutant | -10/Materials Mutant | -10/Mines Skirmisher | -9/Materials Skirmisher | -9/Mines Gunner | -9/Exiles Skirmisher | -8/Mines Skirmisher | -8/Materials Mutant | -7/Factory Mutant | -7/Lower Caves Derelict-Tank | -7/Lower Caves Derelict-Tank | -7/Data Miner Derelict-Gunner | -6/Proximity Caves Resources | -11 -10 -10 -9 -9 -9 -8 -8 -7 -7 -7 -7 -6 ----------- Run | Yrd Mat Min Mat Min Exi Min Mat Fac Low Low Dat Pro Matter Collected 3932 | 198 72 . 1057 480 . 211 841 756 69 209 . 39 Remotely . | . . . . . . . . . . . . . Salvage Created 5456 | . 72 . 1930 576 . 318 1203 1180 . 123 . 54 Parts 288 | . 3 . 121 37 . 9 61 47 . 7 . 3 Haulers Intercepted 8 | . 1 . 5 . . . 2 . . . . . Recyclers Shooed 2 | . . . 2 . . . . . . . . . Parts Field Recycled . | . . . . . . . . . . . . . Retrieved Matter . | . . . . . . . . . . . . . Parts Self-Destructed 6 | . . . . . . . . . . 2 . 4 Prevented 2 | . . . . . . . . . . . . 2 Kills | -11 -10 -10 -9 -9 -9 -8 -8 -7 -7 -7 -7 -6 ------- Run | Yrd Mat Min Mat Min Exi Min Mat Fac Low Low Dat Pro Combat Hostiles Destroyed 93 | . 1 . 33 14 . 4 21 17 . 2 . 1 Melee 3 | . . . . . . . . 2 . 1 . . Guns 57 | . 1 . 22 14 . 4 11 4 . . . 1 Cannons 18 | . . . 11 . . . 4 2 . 1 . . AOE 12 | . . . . . . . 5 7 . . . . Classes Destroyed 16 | . 2 . 6 3 . 1 . 3 . 1 . . Worker 10 | . . . 3 . . . 3 4 . . . . Builder 4 | . . . 2 1 . . . 1 . . . . Tunneler 2 | . . . . 2 . . . . . . . . Hauler 8 | . 1 . 5 . . . 2 . . . . . Recycler 9 | . . . 3 . . 1 1 4 . . . . Operator 2 | . . . . . . . . 2 . . . . Watcher 7 | . . . 3 . . . 1 3 . . . . Swarmer 15 | . 1 . 8 . . . . 6 . . . . Grunt 58 | . . . 18 11 . 3 19 6 . . . 1 Brawler 1 | . . . . . . . . 1 . . . . Duelist 2 | . . . . 1 . . 1 . . . . . Sentry 8 | . . . 7 . . . 1 . . . . . Hunter 1 | . . . . . . 1 . . . . . . Programmer 6 | . . . . . . . . 4 . 2 . . Samaritan 1 | . . . . . . . . . . 1 . . Assembled 2 | . . . . 2 . . . . . . . . Best Kill Streak 11 | . 1 . 7 6 . 4 11 5 . 3 . 1 Combat Bots Only 7 | . 1 . 7 5 . 3 7 4 . 2 . 1 Max Kills in Single Turn 5 | . 1 . 2 2 . 1 5 3 . 1 . 1 Gunslinging . | . . . . . . . . . . . . . Exploded 4 | . . . . . . . 4 3 . . . . Melee 1 | . . . . . . . . 1 . 1 . . Uniques/NPCs Destroyed . | . . . . . . . . . . . . . Combat | -11 -10 -10 -9 -9 -9 -8 -8 -7 -7 -7 -7 -6 -------- Run | Yrd Mat Min Mat Min Exi Min Mat Fac Low Low Dat Pro Hostile Shots Fired 527 | . 2 . 133 48 . 22 103 154 24 26 . 15 Missed 138 | . . . 31 12 . 4 19 57 7 4 . 4 Hits 389 | . 2 . 102 36 . 18 84 97 17 22 . 11 Melee 8 | . . . . 1 . . 1 . . . . 6 Projectile 381 | . 2 . 102 35 . 18 83 97 17 22 . 5 AOE 1 | . . . . . . . . 1 . . . . Critical Strikes 13 | . . . 5 1 . 1 1 1 . 2 . 2 Part Disruptions 1 | . . . . . . . . 1 . . . . Damage Taken 6313 | . 18 . 1095 474 . 292 1634 1944 205 330 . 321 Core 1191 | . 10 . 167 39 . 31 244 396 166 59 . 79 Absorbed by Shields 48 | . . . . . . . . 48 . . . . Regen/Repaired (Parts) 29 | . . . . . . . 29 . . . . . Core Remaining (%) 72 | 100 . 96 . . . 40 55 . . . . . Volleys Fired 283 | . 12 . 85 54 . 13 63 49 . 3 . 4 Largest 3 | . 2 . 3 3 . 3 3 3 . 2 . 3 Hottest 287 | . 40 . 204 100 . 69 287 250 . 149 . 239 Shots Fired 697 | . 24 . 254 126 . 39 157 83 . 5 . 9 Gun 569 | . 24 . 183 110 . 39 132 75 . 2 . 4 Cannon 106 | . . . 71 . . . 19 8 . 3 . 5 Launcher 1 | . . . . . . . 1 . . . . . Special 21 | . . . . 16 . . 5 . . . . . Kinetic 580 | . 24 . 183 110 . 39 149 75 . . . . Thermal 116 | . . . 71 16 . . 7 8 . 5 . 9 Explosive 1 | . . . . . . . 1 . . . . . Electromagnetic . | . . . . . . . . . . . . . Robot Hit Streak 15 | . 4 . 14 9 . 8 15 8 . 2 . 4 Robot Miss Streak 5 | . 3 . 4 3 . 2 4 5 . 3 . 3 Penetration Max . | . . . . . . . . . . . . . Secondary Targets 4 | . . . 1 . . 1 2 . . . . . Max Gunslinging Chain 1 | . . . 1 . . 1 1 . . . . . Shots Hit Robots 416 | . 11 . 139 71 . 27 89 69 . 6 . 4 Core Hits 229 | . 4 1 65 32 . 14 58 50 . 3 . 2 Critical Kills 5 | . . . 2 . . . 1 1 . 1 . . Critical Parts Destroyed 5 | . 1 . 2 1 . . 1 . . . . . Critical Strikes 13 | . 1 . 4 1 . . 3 3 . 1 . . Destroy 9 | . 1 . 4 1 . . 2 1 . . . . Blast 1 | . . . . . . . 1 . . . . . Smash 1 | . . . . . . . . . . 1 . . Sever 2 | . . . . . . . . 2 . . . . Melee Attacks 58 | . . . . . . . . 46 . 12 . . Impact 12 | . . . . . . . . . . 12 . . Slashing 46 | . . . . . . . . 46 . . . . Piercing . | . . . . . . . . . . . . . Sneak Attacks 6 | . . . . . . . . 6 . . . . Combat Hostiles 1 | . . . . . . . . 1 . . . . Follow-up Attacks . | . . . . . . . . . . . . . Damage Inflicted 9408 | . 114 4 2490 1052 . 393 1952 3029 . 261 . 113 Guns 5276 | . 114 . 1722 1040 . 393 1194 776 . . . 37 Cannons 1335 | . . . 735 . . . 256 211 . 57 . 76 Explosions 1440 | . . . . . . . 502 938 . . . . Melee 1308 | . . . . . . . . 1104 . 204 . . Ramming 49 | . . 4 33 12 . . . . . . . . Kinetic 5474 | . 114 . 1722 1040 . 393 1429 776 . . . . Thermal 2285 | . . . 735 . . . 268 1112 . 57 . 113 Explosive 255 | . . . . . . . 255 . . . . . Electromagnetic 37 | . . . . . . . . 37 . . . . Impact 204 | . . . . . . . . . . 204 . . Slashing 1104 | . . . . . . . . 1104 . . . . Piercing . | . . . . . . . . . . . . . Highest Corruption 19 | . . . . . . . 3 7 7 19 19 19 Average Corruption 6 | . . . . . . . 3 3 7 14 19 19 Corruption Purged . | . . . . . . . . . . . . . Corruption Blocked . | . . . . . . . . . . . . . Effects 102 | . . . . . . . 17 48 . 22 7 8 Message Errors 20 | . . . . . . . 3 12 . 4 . 1 Matter Fused 26 | . . . . . . . 4 14 . 4 3 1 Heat Flow Errors 15 | . . . . . . . 3 5 . 5 2 . Energy Discharges 11 | . . . . . . . 1 6 . 3 1 . Parts Rejected 5 | . . . . . . . 2 1 . . . 2 Parts Fused 2 | . . . . . . . 1 . . . . 1 Data Loss (minor) 14 | . . . . . . . 3 5 . 3 1 2 Data Loss (major) 3 | . . . . . . . . 3 . . . . Alerts 4 | . . . . . . . . 2 . 2 . . Misdirections 1 | . . . . . . . . . . . . 1 Weapon Failures 1 | . . . . . . . . . . 1 . . Overload Shots . | . . . . . . . . . . . . . Overflow Damage 361 | . . . 1 . . . . 342 . 6 . 12 Projectiles 13 | . . . 1 . . . . . . . . 12 Explosions 107 | . . . . . . . . 107 . . . . Melee 241 | . . . . . . . . 235 . 6 . . Knockbacks 6 | . . . . . . . 3 . . 3 . . Impact 3 | . . . . . . . . . . 3 . . Kinetic 3 | . . . . . . . 3 . . . . . Secondary . | . . . . . . . . . . . . . Self-Inflicted Damage 343 | . . . . . . . 71 272 . . . . Shots 18 | . . . . . . . 5 13 . . . . Rammed 6 | . . 1 4 1 . . . . . . . . Targets Rammed 7 | . . 1 4 2 . . . . . . . . Kicked . | . . . . . . . . . . . . . Crushed 1 | . . . . 1 . . . . . . . . Highest Temperature 465 | . . . 403 137 . 145 446 465 . 244 225 369 Average Temperature 93 | . . . 100 40 . 70 85 123 . 93 99 245 Received Heat Transfer 1680 | . . . 366 216 . 144 720 90 81 . . 63 Effects 4 | . . . 4 . . . . . . . . . Shutdowns 1 | . . . 1 . . . . . . . . . Energy Bleed 1 | . . . 1 . . . . . . . . . Interference 1 | . . . 1 . . . . . . . . . Short Circuit 1 | . . . 1 . . . . . . . . . Siege Activations . | . . . . . . . . . . . . . Martial Activations . | . . . . . . . . . . . . . Shielding Activations . | . . . . . . . . . . . . . Robots Disrupted . | . . . . . . . . . . . . . Combat Hostiles . | . . . . . . . . . . . . . Robots Corrupted . | . . . . . . . . . . . . . Combat Hostiles . | . . . . . . . . . . . . . Parts Fried . | . . . . . . . . . . . . . Impact Corruptions 2 | . . . . . . . . . . 2 . . Robots Melted 4 | . . . . . . . 2 2 . . . . Combat Hostiles 3 | . . . . . . . 1 2 . . . . Parts Melted 18 | . . . . . . . 4 12 . 2 . . Heat Transferred 7996 | . . . 1332 . . . 1680 4660 . 100 . 224 Parts Sabotaged . | . . . . . . . . . . . . . Parts Stolen . | . . . . . . . . . . . . . Parts Stripped . | . . . . . . . . . . . . . Power Chain Reactions . | . . . . . . . . . . . . . Alert | -11 -10 -10 -9 -9 -9 -8 -8 -7 -7 -7 -7 -6 ------- Run | Yrd Mat Min Mat Min Exi Min Mat Fac Low Low Dat Pro Maximum Alert Level 2 | . . . 2 1 . . . 2 . . . . Low Security (%) 70 | 100 100 100 63 95 . 100 100 45 . . . . Level 1 16 | . . . 33 4 . . . 18 . . . . Level 2 13 | . . . 3 . . . . 35 . . . . Level 3 . | . . . . . . . . . . . . . Level 4 . | . . . . . . . . . . . . . Level 5 . | . . . . . . . . . . . . . High Security . | . . . . . . . . . . . . . Max Security . | . . . . . . . . . . . . . Peak Influence 541 | . 10 . 444 222 . 50 192 541 . . . . Initial 172 | . . . . 172 . . . 65 . . . . Average 153 | . 1 . 157 63 . 16 82 255 . . . . Influence Increases 3550 | . 32 . 1010 288 . 105 597 1343 75 65 . 35 Destroy 0b10 Robot/C 1820 | . 20 . 660 240 . 80 420 340 . 40 . 20 Destroy 0b10 Robot/NC 215 | . 5 . 80 15 . 5 35 70 . 5 . . Destroy Leader 400 | . 2 . 186 30 . 20 76 66 . 20 . . Successful Hack 93 | . 5 . 15 . . . 14 59 . . . . Disable Machine 270 | . . . 15 . . . 30 225 . . . . Destroy Structure 92 | . . . 9 3 . . 22 58 . . . . Partial Spotted 120 | . . . 15 . . . . 105 . . . . Lose Combat Pursuer 540 | . . . 30 . . . . 420 75 . . 15 Influence Decreases 3535 | . 32 . 566 732 . 105 451 949 290 341 49 20 Entered New Map 665 | . . . . 272 . . . 81 200 63 49 . Time Decay 2600 | . 32 . 556 460 . 95 411 688 70 278 . 10 Lost Part 270 | . . . 10 . . 10 40 180 20 . . 10 Squads Dispatched 32 | . 2 . 5 . . . 5 20 . . . . Investigation 11 | . . . 3 . . . 1 7 . . . . Extermination 6 | . . . . . . . . 6 . . . . Reinforcement 11 | . 2 . 2 . . . 4 3 . . . . Assault 1 | . . . . . . . . 1 . . . . Garrison 3 | . . . . . . . . 3 . . . . Intercept . | . . . . . . . . . . . . . Searches Triggered . | . . . . . . . . . . . . . Construction Impeded 2 | . . . . . . . 1 1 . . . . Haulers Reinforced . | . . . . . . . . . . . . . Active Scanning Responses . | . . . . . . . . . . . . . Cargo Convoy Interrupts . | . . . . . . . . . . . . . Stealth | -11 -10 -10 -9 -9 -9 -8 -8 -7 -7 -7 -7 -6 --------- Run | Yrd Mat Min Mat Min Exi Min Mat Fac Low Low Dat Pro Distress Signals 13 | . 2 . 4 . . . 3 4 . . . . Communications Jammed . | . . . . . . . . . . . . . Distress Signals . | . . . . . . . . . . . . . Times Spotted 180 | . 9 . 51 17 . 4 30 53 9 2 . 5 Peak Tracking Total 10 | . 2 . 10 3 . 3 6 7 4 1 . 4 Tactical Retreats 17 | . . . 2 . . . . 11 3 . . 1 Traps | -11 -10 -10 -9 -9 -9 -8 -8 -7 -7 -7 -7 -6 ------- Run | Yrd Mat Min Mat Min Exi Min Mat Fac Low Low Dat Pro Traps Triggered 8 | . . . 2 . . . 1 5 . . . . Indirectly . | . . . . . . . . . . . . . Trap Hack Attempts . | . . . . . . . . . . . . . Triggered . | . . . . . . . . . . . . . Disarmed . | . . . . . . . . . . . . . Reprogrammed . | . . . . . . . . . . . . . Reused . | . . . . . . . . . . . . . Traps Extracted . | . . . . . . . . . . . . . Installed . | . . . . . . . . . . . . . Triggered . | . . . . . . . . . . . . . Machines | -11 -10 -10 -9 -9 -9 -8 -8 -7 -7 -7 -7 -6 ---------- Run | Yrd Mat Min Mat Min Exi Min Mat Fac Low Low Dat Pro Machines Disabled 19 | . . . 1 . . . 2 15 . 1 . . Max in Single Turn 9 | . . . 1 . . . 1 9 . 1 . . Garrison Access 1 | . . . . . . . . 1 . . . . Machines Repaired . | . . . . . . . . . . . . . Machines Dismantled . | . . . . . . . . . . . . . Machines Sabotaged . | . . . . . . . . . . . . . Overloaded Fab Kills . | . . . . . . . . . . . . . Hacking | -11 -10 -10 -9 -9 -9 -8 -8 -7 -7 -7 -7 -6 --------- Run | Yrd Mat Min Mat Min Exi Min Mat Fac Low Low Dat Pro Machines Accessed 37 | . 1 . 10 . 2 . 4 15 . . 4 1 Terminals 23 | . 1 . 10 . . . 3 8 . . . 1 Fabricators 3 | . . . . . . . . 3 . . . . Repair Stations 1 | . . . . . . . 1 . . . . . Recycling Units 1 | . . . . . . . . 1 . . . . Scanalyzers 2 | . . . . . . . . 2 . . . . Garrison Access 1 | . . . . . . . . 1 . . . . Total Hacks 112 | . 4 . 26 . 2 . 11 42 . . 26 1 Successful 53 | . 2 . 3 . 2 . 4 15 . . 26 1 Failed 59 | . 2 . 23 . . . 7 27 . . . . Catastrophic 21 | . . . 11 . . . 1 9 . . . . Database Lockouts . | . . . . . . . . . . . . . Manual 53 | . 2 . 26 . 1 . 8 16 . . . . Terminals 57 | . 4 . 26 . . . 8 18 . . . 1 Fabricators 11 | . . . . . . . . 11 . . . . Repair Stations 3 | . . . . . . . 3 . . . . . Recycling Units 4 | . . . . . . . . 4 . . . . Scanalyzers 7 | . . . . . . . . 7 . . . . Garrison Access 2 | . . . . . . . . 2 . . . . Terminal Hacks 39 | . 2 . 3 . 2 . 2 3 . . 26 1 Record 13 | . . . . . 1 . . . . . 11 1 Part Schematic 10 | . . . 1 . . . . 1 . . 8 . Robot Schematic 4 | . . . . . . . . . . . 4 . Robot Analysis 1 | . 1 . . . . . . . . . . . Prototype ID Bank 3 | . . . . . . . . . . . 3 . Branch Access Points 2 | . 1 . 1 . . . . . . . . . Terminal Index 3 | . . . 1 . . . 1 1 . . . . Fabricator Index 2 | . . . . . . . 1 1 . . . . Proto ID Catalog 1 | . . . . . 1 . . . . . . . Fabricator Hacks 5 | . . . . . . . . 5 . . . . Load Schematic 3 | . . . . . . . . 3 . . . . Build 2 | . . . . . . . . 2 . . . . Repair Station Hacks 2 | . . . . . . . 2 . . . . . Scan Component 1 | . . . . . . . 1 . . . . . Repair 1 | . . . . . . . 1 . . . . . Recycling Unit Hacks 2 | . . . . . . . . 2 . . . . Process 1 | . . . . . . . . 1 . . . . Retrieve Matter 1 | . . . . . . . . 1 . . . . Scanalyzer 4 | . . . . . . . . 4 . . . . Insert Component 2 | . . . . . . . . 2 . . . . Analyze 2 | . . . . . . . . 2 . . . . Garrison Access Hacks 1 | . . . . . . . . 1 . . . . Seal Access 1 | . . . . . . . . 1 . . . . Unauthorized Hacks . | . . . . . . . . . . . . . Terminals . | . . . . . . . . . . . . . Fabricators . | . . . . . . . . . . . . . Repair Stations . | . . . . . . . . . . . . . Recycling Units . | . . . . . . . . . . . . . Scanalyzers . | . . . . . . . . . . . . . Garrison Access . | . . . . . . . . . . . . . Data Cores Recovered 1 | . . . . . . . . 1 . . . . Used 1 | . . . . . . . . 1 . . . . Hacking Detections 28 | . 1 . 10 . . . 3 14 . . . . Full Trace Events 10 | . . . 3 . . . . 7 . . . . Feedback Events . | . . . . . . . . . . . . . Feedback Blocked . | . . . . . . . . . . . . . Robot Schematics Acquired 4 | . . . . . . . . . . . 4 . Robots Built . | . . . . . . . . . . . . . Authchips . | . . . . . . . . . . . . . Time . | . . . . . . . . . . . . . Total Robot Build Rating . | . . . . . . . . . . . . . Part Schematics Acquired 12 | . . . 1 . . . . 3 . . 8 . Parts Built 4 | . . . . . . . . 4 . . . . Authchips . | . . . . . . . . . . . . . Time 115 | . . . . . . . . 115 . . . . Total Part Build Rating 12 | . . . . . . . . 12 . . . . Parts Repaired 1 | . . . . . . . 1 . . . . . Time 50 | . . . . . . . 50 . . . . . Parts Recycled . | . . . . . . . . . . . . . Recycled Matter 455 | . . . . . . . . 455 . . . . Retrieved Matter . | . . . . . . . . . . . . . Retrieved Components . | . . . . . . . . . . . . . Parts Scanalyzed 2 | . . . . . . . . 2 . . . . Part Schematics Acquired 2 | . . . . . . . . 2 . . . . Parts Damaged 1 | . . . . . . . . 1 . . . . Bothacking | -11 -10 -10 -9 -9 -9 -8 -8 -7 -7 -7 -7 -6 ------------ Run | Yrd Mat Min Mat Min Exi Min Mat Fac Low Low Dat Pro Used RIF Installer . | . . . . . . . . . . . . . Robots Hacked . | . . . . . . . . . . . . . Non-combat . | . . . . . . . . . . . . . Combat . | . . . . . . . . . . . . . Robot Hacks Applied . | . . . . . . . . . . . . . Relay Couplers Released . | . . . . . . . . . . . . . Fabnet Peak Effective % . | . . . . . . . . . . . . . Robots Rewired . | . . . . . . . . . . . . . Allies Hacked . | . . . . . . . . . . . . . Hacks Repelled . | . . . . . . . . . . . . . Allies | -11 -10 -10 -9 -9 -9 -8 -8 -7 -7 -7 -7 -6 -------- Run | Yrd Mat Min Mat Min Exi Min Mat Fac Low Low Dat Pro Total Allies 1 | . . . . . . . . . . . . 1 Largest Group 1 | . . . . . . . . . . . . 1 Highest-Rated Group 96 | . . . . . . . . . . . . 96 Highest-Rated Ally 96 | . . . . . . . . . . . . 96 Total Orders . | . . . . . . . . . . . . . Ally Attacks 6 | . . . . . . . . . . . . 6 Total Damage 47 | . . . . . . . . . . . . 47 Kills . | . . . . . . . . . . . . . Allies Corrupted . | . . . . . . . . . . . . . Allies Melted . | . . . . . . . . . . . . . Intel | -11 -10 -10 -9 -9 -9 -8 -8 -7 -7 -7 -7 -6 ------- Run | Yrd Mat Min Mat Min Exi Min Mat Fac Low Low Dat Pro Active Infowar (turns) 3525 | . . . 1426 1879 220 . . . . . . . Terrain 1628 | . . . . 1408 220 . . . . . . . T.N.C. 1897 | . . . 1426 471 . . . . . . . . Robot Analysis Total 1 | . 1 . . . . . . . . . . . Derelict Logs Recovered 4 | . . . . 1 . . . . . 2 . 1 Drone Launches . | . . . . . . . . . . . . . Drone Recoveries . | . . . . . . . . . . . . . Exploration | -11 -10 -10 -9 -9 -9 -8 -8 -7 -7 -7 -7 -6 ------------- Run | Yrd Mat Min Mat Min Exi Min Mat Fac Low Low Dat Pro Turns Passed 10829 | 82 238 69 2413 1879 516 234 1104 3202 150 613 140 189 Spaces Moved 7349 | 48 111 43 1196 926 293 107 450 3289 294 431 88 73 Core 455 | 8 . . . . . . . 2 293 151 . 1 Treads 3606 | 40 111 43 1196 926 293 107 450 . . 280 88 72 Legs . | . . . . . . . . . . . . . Wheels . | . . . . . . . . . . . . . Hover 2906 | . . . . . . . . 2906 . . . . Flight 382 | . . . . . . . . 381 1 . . . Fastest Speed 30 | 50 160 160 160 170 170 170 170 30 30 50 160 160 Average Speed 111 | 141 160 160 162 170 170 170 170 58 49 122 160 221 Slowest Speed 350 | 160 160 160 330 170 170 170 170 350 50 240 160 240 Overloaded Moves . | . . . . . . . . . . . . . Propulsion Burnouts . | . . . . . . . . . . . . . Robots Hopped 2 | . . . . . . . . 2 . . . . Potential Cave-ins . | . . . . . . . . . . . . . Cave-ins Triggered 1 | . . . . . . . 1 . . . . . Exploration Rate (%) 45 | 4 23 18 83 100 62 31 35 44 52 55 70 13 Regions Visited 12 Branch Regions 8 Pre-discovered Areas 2 | . . . . 1 . . . . . . 1 . Known Exits Taken 7 | . 1 . 1 . . . 1 1 1 1 1 . Unknown Exits Taken 5 | 1 . 1 . 1 1 1 . . . . . . Scrap Searched 9 | . . . . 1 . 1 . . 2 3 . 2 Spaces Dug 19 | . . . . 3 . . . 16 . . . . Terrain Destroyed 73 | . . . . 4 . . 17 51 . . . 1 Melee 16 | . . . . . . . . 16 . . . . Projectile 9 | . . . . 4 . . 4 . . . . 1 AOE 47 | . . . . . . . 13 34 . . . . Terrain Rammed . | . . . . . . . . . . . . . Walls Destroyed . | . . . . . . . . . . . . . Machines Disabled . | . . . . . . . . . . . . . Actions | -11 -10 -10 -9 -9 -9 -8 -8 -7 -7 -7 -7 -6 --------- Run | Yrd Mat Min Mat Min Exi Min Mat Fac Low Low Dat Pro Total 9495 | 63 151 43 1519 1123 318 140 700 4467 298 492 87 94 Wait 1363 | . 9 . 138 126 . 11 134 928 1 13 . 3 Move 7333 | 47 110 42 1195 925 292 106 449 3284 293 430 87 73 Hop 2 | . . . . . . . . 2 . . . . Pick Up 160 | 8 12 . 42 5 9 4 19 50 . 7 . 4 Fast Attach 21 | . 1 . 4 1 . . 1 7 . 6 . 1 Attach 103 | 7 1 . 15 2 4 2 18 46 . 6 . 2 Detach 24 | . . . . 1 . 1 4 11 3 3 . 1 Swap 15 | . 1 . 7 . . . 2 4 . 1 . . Drop 120 | 1 5 . 29 7 13 3 10 40 1 6 . 5 Fire 283 | . 12 . 85 54 . 13 63 49 . 3 . 4 Melee 58 | . . . . . . . . 46 . 12 . . Ram . | . . . . . . . . . . . . . Kick . | . . . . . . . . . . . . . Crush 7 | . . 1 4 2 . . . . . . . . Escape Stasis . | . . . . . . . . . . . . . Rewire 6 | . . . . . . . . . . 5 . 1 Trap . | . . . . . . . . . . . . . Miscellaneous . | . . . . . . . . . . . . . Route ------- -11/Scrapyard -10/Materials (discovered 2 exits: *Min x2) -10/Mines -9/Materials (discovered 4 exits: *Mat x2 / *Min x2) -9/Mines (discovered 3 exits: *Mat x2 / *Exi) -9/Exiles -8/Mines -8/Materials (discovered 2 exits: *Fac / *Sto) -7/Factory (discovered 2 exits: *Low x2) -7/Lower Caves -7/Lower Caves -7/Data Miner -6/Proximity Caves History --------- Turn | Location | Event 7 | -11/Scrapyard | Discovered new exit (range 14) 83 | -11/Scrapyard | Entered Materials 104 | -10/Materials | Identified exit to Mines 321 | -10/Materials | Entered Mines 322 | -10/Mines | Assembled infested the area 326 | -10/Mines | Met a Derelict bent on vengeance 331 | -10/Mines | Build established: Mutant 366 | -10/Mines | Discovered new exit (range 15) 390 | -10/Mines | Entered Materials 390 | -9/Materials | Evolved 2 slots: Propulsion x1, Weapon x1 408 | -9/Materials | Discovered new exit (range 16) 694 | -9/Materials | Build established: Gunner 1473 | -9/Materials | Discovered new exit (range 16) 1523 | -9/Materials | Identified exit to Mines 1673 | -9/Materials | Build established: Skirmisher 1728 | -9/Materials | Discovered new exit (range 14) 1948 | -9/Materials | Destroyed 7 combat bots 2803 | -9/Materials | Entered Mines 3063 | -9/Mines | Joined a pair of Derelicts in attacking an 0b10 outpost 3194 | -9/Mines | Excavation squad dispatched 3194 | -9/Mines | A large section of the Mines collapsed 3262 | -9/Mines | Core integrity fell below 50% 3312 | -9/Mines | Discovered new exit (range 10) 3911 | -9/Mines | Discovered new exit (range 5) 4045 | -9/Mines | A weapon hastily lodged in a ceiling crevice suddenly fell to the ground 4676 | -9/Mines | Deemed a non-threat by the Exiles lab entrance 4676 | -9/Mines | Discovered new exit (range 5) 4682 | -9/Mines | Entered Exiles 4725 | -9/Exiles | Met 8R-AWN 4752 | -9/Exiles | Met EX-HEX 4807 | -9/Exiles | Met EX-BIN 4830 | -9/Exiles | Aligned with FarCom system 4832 | -9/Exiles | Given EX-Vault access code 4871 | -9/Exiles | Opened EX-Vault 4880 | -9/Exiles | Found Prototype Energy Cannon 4881 | -9/Exiles | Identified Firepult 4896 | -9/Exiles | Found Prototype Device 4901 | -9/Exiles | Found Prototype Device 4902 | -9/Exiles | Identified Chronowheel 4902 | -9/Exiles | Activated Chronowheel 5006 | -9/Exiles | Warned to stay clear of 0b10 Research branches 5066 | -9/Exiles | Met EX-DEC 5171 | -9/Exiles | Discovered new exit (range 12) 5184 | -9/Exiles | Build established: Gunner 5198 | -9/Exiles | Left Exiles lab with Firepult 5198 | -9/Exiles | Entered Mines 5419 | -8/Mines | Discovered new exit (range 9) 5432 | -8/Mines | Entered Materials 5432 | -8/Materials | Evolved 2 slots: Propulsion x1, Utility x1 5487 | -8/Materials | Discovered new exit (range 11) 5494 | -8/Materials | Build established: Skirmisher 5621 | -8/Materials | Crushed by falling debris 5657 | -8/Materials | Destroyed 7 combat bots 5674 | -8/Materials | Identified exit to Storage 6334 | -8/Materials | Repaired Adv. Heat Sink 6476 | -8/Materials | Lost 3 parts (1p2w) 6497 | -8/Materials | Discovered new exit (range 15) 6534 | -8/Materials | Identified exit to Factory 6536 | -8/Materials | Entered Factory 6536 | -7/Factory | Evolved 2 slots: Utility x2 6759 | -7/Factory | Garrison activated, responded to threat 7115 | -7/Factory | Noticed a derelict Sapper rigging charges 7129 | -7/Factory | Build established: Mutant 8179 | -7/Factory | Build established: Scavenger-Skirmisher 8207 | -7/Factory | Discovered new exit (range 5) 8403 | -7/Factory | Fabricated Gravmag System (x2) 8533 | -7/Factory | Lost 4 parts (1p2n1w) 8545 | -7/Factory | Build established: Scavenger-Mutant 8867 | -7/Factory | Fabricated VTOL Module? 8979 | -7/Factory | Discovered new exit (range 7) 9008 | -7/Factory | Identified exit to Lower Caves 9204 | -7/Factory | Build established: Mutant 9599 | -7/Factory | Core integrity fell below 50% 9736 | -7/Factory | First assault squad dispatched 9738 | -7/Factory | Entered Lower Caves 9881 | -7/Lower Caves | Discovered new exit (range 14) 9887 | -7/Lower Caves | Identified exit to Lower Caves 9888 | -7/Lower Caves | Entered another Lower Caves area 9889 | -7/Lower Caves | Core integrity fell below 20% 9897 | -7/Lower Caves | Learned Factory emergency access door positions 9907 | -7/Lower Caves | Found DCF Scrap (12 items) 10108 | -7/Lower Caves | System corruption reached 10% 10381 | -7/Lower Caves | Encountered a Warlord checkpoint 10401 | -7/Lower Caves | Learned Factory garrison access intel 10461 | -7/Lower Caves | Discovered new exit (range 7) 10471 | -7/Lower Caves | Identified exit to Data Miner 10480 | -7/Lower Caves | Build established: Derelict-Tank 10501 | -7/Lower Caves | Entered Data Miner 10501 | -7/Data Miner | Discovered new exit (range 6) 10511 | -7/Data Miner | Identified exit to Proximity Caves 10533 | -7/Data Miner | Met Data Miner 10570 | -7/Data Miner | Learned location of Section 7 (-2) 10570 | -7/Data Miner | Acquired the access code to Warlord's prototype stash 10604 | -7/Data Miner | Received God Mode back door access code from Data Miner 10641 | -7/Data Miner | Entered Proximity Caves 10649 | -6/Proximity Caves | Learned 8 Factory zone layouts 10789 | -6/Proximity Caves | Escorted by Enhanced Grunt 10830 | -6/Proximity Caves | Destroyed by G-50 Soldier with Heavy Laser Last Messages --------------- Acquired Hvy. Plasma Cannon. System corrupted: Hvy. Plasma Cannon fused. Enhanced Grunt: "Protecting LRC-V3." System corrupted: Med. Treads rejected. Acquired Med. Treads. Enhanced Grunt destroyed. Hvy. Plasma Cannon severed. System corrupted: Lgt. Nuclear Core rejected. G-50 Soldier destroyed. Carbon-fiber Leg fries itself beyond repair. Unknown Device fries itself beyond repair. Destroyed Microactuators. Critical hit (Burn: +37). Dropped Plasma Cannon. Lgt. Angular Momentum Engine fries itself beyond repair. Dropped Hvy. Laser. Dropped Med. Treads. Imp. Medium Armor Plating destroyed. Dropped Med. Storage Unit. Map ----- +----------------------------------------------------+ | ?????????????????????????????????????????????????? | | ?????????#???????????????????????????????????????? | | ????????# ??????##??????????????????????????????? | | ????????# ???? ### ??????????????????????????? | | ???????## ??? ???????????????????????????? | | ?????### ??? ????????????????????????????? | | ?????? ??? ????????????????????????????? | | ??????? ??# ?????????????????????????????? | | ???????# ??# ???????????????#??????????????? | | ???????# #?? #????????????? #??????????????? | | ??????## ## ############# #??????????????? | | ??## ## ?##?????????????? | | ??# ? ??? ##????????????? | | ??# ##### ### #####? ?????????????? | | ??# #""%! " #? ?????????????? | | ??# #"=T! "] #? ??????????????? | | ?# ## #"" """" # #??????????????? | | ?# ???????## #" " """" # #??????????????? | | ????????????## #### """" ### ##?????????????? | | ?????????????# # # #?????????????? | | ?????????????# + " "# !+! #?????????????? | | ?????????????# " g"# %+! #?????????????? | | ?????????????# #" "# =# #?????????????? | | ?????????????# ####++#;## # "#????????????? | | ?????????????# % ![lg #? ??????????? | | ?????????????# ! *@*]g #? ????????? | | ???????????# # !! " " #??##### #??????? | | ??????????# #"" "" """#???????? #?????? | | ??????????# ### ##++ ###?????????? ??????? | | ??????????# #???????? ?????? | | ?????????# #??????????????? | | ???????? ######??????????????? | | ??????? ## #???????????????????? | | ?????? ## ### #??????????????????? | | ?????? #?### #?## #?????????????????? | | ?????? #????## ???##### #?????????????????? | | ??????????????## #????????# ##?????????????????? | | ???????????????####??????????##??????????????????? | | ?????????????????????????????????????????????????? | | ?????????????????????????????????????????????????? | | ?????????????????????????????????????????????????? | | ?????????????????????????????????????????????????? | | ?????????????????????????????????????????????????? | | ?????????????????????????????????????????????????? | | ?????????????????????????????????????????????????? | | ?????????????????????????????????????????????????? | | ?????????????????????????????????????????????????? | | ?????????????????????????????????????????????????? | | ?????????????????????????????????????????????????? | | ?????????????????????????????????????????????????? | +----------------------------------------------------+ Best States ------------- Heat Dissipation 53 Energy Generation 18 Energy Capacity 280 Matter Stores 300 Matter Capacity 300 Sight Range 16 Terrain Scan Range 16 Terrain Scan Density 10 Armor Coverage 375 Evasion (%) 64 Melee Accuracy 6 Target Analysis 5 Recoil Reduction 4 Defensive Hacking 10 Item Schematics ----------------- Imp. Hover Unit | -9/Materials | Hacked Ripper | -7/Factory | Scanalyzed Gravmag System | -7/Factory | Scanalyzed VTOL Module | -7/Factory | Hacked Combat Drone Bay | -7/Data Miner | Free Lgt. Regenerative Plating | -7/Data Miner | Free Cld. Aerolev Unit | -7/Data Miner | Free Exp. Utility Shielding | -7/Data Miner | Free Imp. Lightning Gun | -7/Data Miner | Free Thunder Leg | -7/Data Miner | Free Imp. Recalibrator | -7/Data Miner | Free Tesla Rifle | -7/Data Miner | Free Robot Schematics ------------------ X-62 Marksman | -7/Data Miner | Free H-55 Commando | -7/Data Miner | Free G-50 Soldier | -7/Data Miner | Free B-48 Gladiator | -7/Data Miner | Free Fabricated ------------ Gravmag System | x2 | -7/Factory VTOL Module | x2 | -7/Factory Repaired ---------- Adv. Heat Sink | 42% | -8/Materials Alien Tech Used ----------------- None Achievements -------------- The Oracle Challenges ------------ None Game ------ Seed ArcsightMagneticWings Manual? 0 Play Time 02:35:15 Cumulative 35.5 hours Start 2025.08.24 @ 11:27:47 End 2025.08.24 @ 15:17:25 Sessions 5 Manual Loads 0 Difficulty Rogue Special Mode None Game No. 46 Rogue 36 Adventurer 10 Explorer 0 Win Type - Total 0 Types 0/0/0/0/0/0/0/0/0/0 Lore% 10 Gallery% 23 Achievement% 28 Wizard Run 0 Options --------- Layout 1 ASCII 0 Keyboard 0 Movement Arrows Keybinds 0 Fullscreen 1 Font 24/Smallcaps Map View 50x40 Zoom Use 0% Tactical HUD 0 Map Filters NONE Filters NONE Steam 1 RUN: 2c1c3654-463a-4a53-b077-e8a3295c014f